 Dungeon Crawl Stone Soup version 0.31.0-11-ge490571c62 (webtiles) character file.

Game seed: 15514882029905712764

112 bearlyready the Changeling (level 4, 0/28 HPs)
             Began as an Octopode Shapeshifter on Feb 7, 2024.
             Slain by Terence
             ... wielding a +0 flail
              (12 damage)
             ... on level 3 of the Dungeon.
             The game lasted 00:04:14 (1366 turns).

bearlyready the Changeling (Octopode Shapeshifter)  Turns: 1366, Time: 00:04:14

Health: 0/28       AC:  1    Str: 15    XL:     4   Next: 93%
Magic:  4/4        EV: 13    Int: 12    God:
Gold:   120        SH:  0    Dex: 11    Spells: 3/3 levels left

rFire   . . .        f - +2 dagger (venom)
rCold   . . .        (no shield)
rNeg    . . .        (helmet currently unavailable)
rPois   +            (no amulet)
rElec   .            d - ring of poison resistance
rCorr   .            l - ring of willpower
SInv    .            (no ring)
Will    +....        (no ring)
Stlth   ++           (no ring)
HPRegen 0.24/turn    (no ring)
MPRegen 0.09/turn    (no ring)
                     (no ring)

%: no passive effects
@: beast-form
A: beast (slay +2), almost no armour, amphibious, 8 rings, camouflage 1,
gelatinous body 1, (nimble swimmer 1), tentacles
a: Begin Untransformation


You were on level 3 of the Dungeon.
You were a hulking beast.
You visited 1 branch of the dungeon, and saw 3 of its levels.

You collected 120 gold pieces.

Inventory:

Hand Weapons
 f - a +2 dagger of venom (weapon)
 k - a +2 dagger of electrocution
 m - a +1 short sword of venom
Missiles
 h - 18 stones (quivered)
Jewellery
 d - a ring of poison resistance (left tentacle)
 l - a ring of willpower (right tentacle)
 q - a ring of positive energy
Talismans
 b - a beast talisman
 c - a flux talisman
Scrolls
 g - a scroll of identify {unknown}
 i - a scroll of acquirement {unknown}
 n - a scroll of poison {unknown}
 o - a scroll of teleportation {unknown}
Potions
 a - a potion of curing {unknown}
 e - a potion of brilliance {unknown}
 j - a potion of magic {unknown}
 p - a potion of invisibility {unknown}


   Skills:
 - Level 1.0 Fighting
 + Level 0.7 Short Blades
 - Level 2.0 Dodging
 - Level 3.3 Unarmed Combat
 + Level 4.8 Shapeshifting


You had 3 spell levels left.
You didn't know any spells.
Your spell library contained the following spells:

 Spells                   Type           Power      Damage    Failure   Level
 Slow                     Hex            0%         N/A       32%         1
 Confusing Touch          Hex            0%         N/A       69%         3
 Sigil of Binding         Hex            0%         N/A       69%         3
 Vampiric Draining        Necr           0%         2d6       69%         3


Dungeon Overview and Level Annotations

Branches:
Dungeon (3/15)

Altars:
Makhleb

Shops:
D:2 [(*(

Annotations:
D:3 Terence


Innate Abilities, Weirdness & Mutations

You are a hulking beast.
Your limbs bulge with bestial killing power. (Slay +2)
You cannot wear most types of armour.
You are amphibious.
You can wear up to eight rings at the same time.
Your skin changes colour to match your surroundings (Stealth+).
Your rubbery body absorbs attacks. (AC +1, EV +1)
((You are camouflaged when in or above water. (Stealth+)))
You have tentacles for arms and can constrict up to eight enemies at once.


Message History

Found a ring mail.
Found a stone staircase leading down.
No target in view!
The endoplasm quivers.
The endoplasm closely misses you.
You hit the endoplasm.
The endoplasm is moderately wounded.
The endoplasm hits you.
You hit the endoplasm.
You kill the endoplasm!
No target in view!
No target in view!
No target in view!
No target in view!
No target in view!
No target in view!
No target in view!
q - a ring of positive energy Terence the Incautious comes into view.
He is wielding a +0 flail.
Terence shouts!
Okay, then.
You hit Terence.
Terence is poisoned.
You grab Terence.
Terence is lightly wounded.
You constrict Terence, but do no damage.
Terence barely misses you.
You hit Terence. You tentacle-slap Terence.
Terence is lightly wounded.
You constrict Terence. Terence hits you with a +0 flail!
You hit Terence.
Terence looks as sick as possible!
Terence is heavily wounded.
You constrict Terence, but do no damage.
Terence hits you with a +0 flail!
You hit Terence.
Terence looks as sick as possible!
You tentacle-slap Terence. You squeeze Terence.
Terence is almost dead.
You constrict Terence, but do no damage.
Terence looks scornfully at you. Terence hits you with a +0 flail!
You die...
Terence says, "Rest in peace."

### ### # #.####.####.#
#...........###
#.####.#.##.... #.#
#.#.#..# # #.#
#.#.#..##### #.#
#.#.h@......
#.####........###
####.#.............. .#
#................####.##
######.##............[..
#.##.............###
#.##...#............
#.##...##.#.........
#.##................


You could see Terence (extremely poisoned).

Vanquished Creatures
  Robin (D:2)
  A gnoll (D:1)
  4 adders (D:2)
  A ribbon worm (D:2)
  4 ball pythons
  4 bats
  2 endoplasms
  3 giant cockroaches
  14 goblins
  4 hobgoblins
  3 kobolds
  5 frilled lizards
  8 rats
54 creatures vanquished.

Notes
Turn   | Place    | Note
-------+----------+-------------------------------------------
     0 | D:1      | bearlyready the Octopode Shapeshifter began the quest for
                  | the Orb.
     0 | D:1      | Reached XP level 1. HP: 13/13 MP: 1/1
    92 | D:1      | Reached XP level 2. HP: 18/18 MP: 2/2
   379 | D:1      | Reached XP level 3. HP: 23/23 MP: 3/3
   703 | D:2      | Reached skill level 4 in Shapeshifting
   748 | D:2      | Noticed Robin
   762 | D:2      | Reached XP level 4. HP: 26/28 MP: 4/4
   780 | D:2      | Killed Robin
   846 | D:2      | Found Zuwoc's Assorted Antiques.
   919 | D:2      | Found Ygukhin's Weapon Emporium.
  1034 | D:2      | Found Tuushri's Antique Armour Shop.
  1139 | D:2      | Found Zuhiotu's Weapon Emporium.
  1218 | D:2      | Found a burning altar of Makhleb.
  1362 | D:3      | Noticed Terence
  1366 | D:3      | Slain by Terence

Illustrated notes

Levels and vault maps discovered:
D:1:      mushboom_english_gardens, layout_loops_ring
D:2:      layout_basic, serial_shops, shop_fountains, shop,
          nicolae_shop_temple_entry_statues_fountains,
          nicolae_shop_gibbet_a_chance, basic_altar, uniq_robin
D:3:      layout_basic, minmay_goblin_kobold_house, uniq_jessica, uniq_terence,
          uniq_grinder

Skill      XL: |  1  2  3 |
---------------+----------+-----
Shapeshifting  | 4 |  4.8
Fighting       | |  1.0
Short Blades   | |  0.7
Dodging        | |  2.0
Unarmed Combat | |  3.3

Action                     |  1- 3 |  4- 6 || total
---------------------------+-------+-------++-------
  Melee: Unarmed           |    10 |       ||    10
         Constrict         |    10 |     9 ||    19
         Tentacles         |     6 |     7 ||    13
         Dagger            |    42 |    49 ||    91
         Punch             |       |     3 ||     3
    Use: Potion            |     1 |       ||     1
   Stab: Sleeping          |     2 |     1 ||     3
 Armour: Skin              |    34 |    33 ||    67
  Dodge: Dodged            |    20 |    14 ||    34
